 Dungeon Crawl Stone Soup version 0.21.1-1-g345015f (webtiles) character file.

6 tidbits the Charmwright (level 1, -4/20 HPs)
             Began as a Gnoll Skald on Feb 6, 2018.
             Slain by a gnoll
             ... wielding a +0 whip
              (5 damage)
             ... on level 2 of the Dungeon.
             The game lasted 00:00:46 (65 turns).

tidbits the Charmwright (Gnoll Skald)                 Turns: 65, Time: 00:00:46

Health: -4/20      AC:  3    Str: 13    XL:     1   Next: 90%
Magic:  1/6        EV: 14    Int: 15    God:
Gold:   21         SH:  0    Dex: 14    Spells: 8/9 levels left

rFire    . . .     SeeInvis .   a - +0 hand axe
rCold    . . .     Gourm    .   (no shield)
rNeg     . . .     Faith    .   b - +0 leather armour
rPois    .         Spirit   .   (no helmet)
rElec    .         Reflect  .   (no cloak)
rCorr    .         Harm     .   (no gloves)
MR       .....                  (no boots)
Stlth    +.........             (no amulet)
HPRegen  0.06/turn              (no ring)
MPRegen  0.10/turn              (no ring)

@: infused
A: distributed training, fangs 1, strong nose
a: no special abilities


You were on level 2 of the Dungeon.
You were not hungry.

You visited 1 branch of the dungeon, and saw 2 of its levels.

You collected 21 gold pieces.

Inventory:

Hand Weapons
 a - a +0 hand axe (weapon)
Armour
 b - a +0 leather armour (worn)
Scrolls
 e - 2 scrolls of identify {unknown}
Books
 c - a book of Battle

   Spells                             Type                      Level
   a - Infusion                       Charms                       1
   b - Shroud of Golubria             Charms/Translocation         2
   c - Song of Slaying                Charms                       2
   d - Spectral Weapon                Hexes/Charms                 3
   e - Regeneration                   Charms/Necromancy            3
Comestibles
 d - a ration


   Skills:
 + Level 4.4 Fighting
 + Level 0.1 Short Blades
 + Level 0.1 Long Blades
 + Level 4.4 Axes
 + Level 0.1 Maces & Flails
 + Level 0.1 Polearms
 + Level 0.1 Staves
 + Level 0.1 Slings
 + Level 0.1 Bows
 + Level 0.1 Crossbows
 + Level 0.1 Throwing
 + Level 2.4 Armour
 + Level 4.4 Dodging
 + Level 0.1 Stealth
 + Level 0.1 Shields
 + Level 0.1 Unarmed Combat
 + Level 4.9 Spellcasting
 + Level 0.1 Conjurations
 + Level 0.1 Hexes
 + Level 5.3 Charms
 + Level 0.1 Summonings
 + Level 0.1 Necromancy
 + Level 0.1 Translocations
 + Level 0.1 Transmutations
 + Level 0.1 Fire Magic
 + Level 0.1 Ice Magic
 + Level 0.1 Air Magic
 + Level 0.1 Earth Magic
 + Level 0.1 Poison Magic
 + Level 0.2 Invocations
 + Level 0.1 Evocations


You had 8 spell levels left.
You knew the following spells:

 Your Spells              Type           Power        Failure   Level  Hunger
i - Infusion              Chrm           ###.         2%          1    None


Dungeon Overview and Level Annotations

Branches:
Dungeon (2/15)

Altars:


Innate Abilities, Weirdness & Mutations

Your experience applies equally to all skills.
You have very sharp teeth.
Your uncanny sense of smell can sniff out nearby items.


Message History

Welcome, tidbits the Gnoll Skald.
It is said that the Orb of Zot exists deep within this dungeon.
Press ? for a list of commands and other information.
Found a staircase leading out of the dungeon.
Found 2 scrolls labeled TOAFOO QOYTUSCH and 16 gold pieces.
You see here 2 scrolls labeled TOAFOO QOYTUSCH.
e - 2 scrolls labeled TOAFOO QOYTUSCH You see here 16 gold pieces.
You now have 16 gold pieces.
A rat comes into view.
Found 5 gold pieces.
You see here 5 gold pieces.
You now have 21 gold pieces (gained 5).
Casting: Infusion
Confirm with . or Enter, or press ? or * to list all spells.
You begin infusing your attacks with magical energy.
You hit the rat.
You kill the rat!
You open the door.
There is an open door here.
As you open the door, it creaks loudly!
You hear a shout!
A bat comes into view.
Your magical infusion is running out.
Found a stone staircase leading down.
A bat comes into view.
There is an open door here.
The bat hits you.
You hit the bat!
You kill the bat!
The bat closely misses you.
A hobgoblin comes into view.
The bat barely misses you. The bat closely misses you.
You hit the hobgoblin.
The hobgoblin is moderately wounded.
You miss the bat. The bat barely misses you. The hobgoblin barely misses you.
You are no longer magically infusing your attacks.
The bat hits you but does no damage.
You hit the bat.
You kill the bat!
You closely miss the hobgoblin.
The hobgoblin hits you but does no damage.
You hit the hobgoblin.
You kill the hobgoblin!
There is a stone staircase leading down here.
You climb downwards.
A gnoll comes into view. It is wielding a flail.
The gnoll shouts!
You hear a shout!
There is a stone staircase leading up here.
Unknown command.
Casting: Infusion
Confirm with . or Enter, or press ? or * to list all spells.
You begin infusing your attacks with magical energy.
A goblin and a gnoll come into view.
The goblin shouts!
The gnoll shouts!
The gnoll moves out of view.
Found a bubbling amethyst potion.
A gnoll comes into view. It is wielding a spear.
A gnoll comes into view. It is wielding a whip.
A rat comes into view.
Unknown command.
You barely miss the gnoll. The gnoll misses you.
You barely miss the gnoll. The gnoll hits you with a flail!
Ouch! That really hurt!
* * * LOW HITPOINT WARNING * * *
The gnoll hits you with a whip.
* * * LOW HITPOINT WARNING * * *
You aren't carrying any potions.
You hit the gnoll! You bite the gnoll, but do no damage.
The gnoll is heavily wounded.
You hit the goblin!
You kill the goblin!
You closely miss the gnoll. The gnoll misses you. The gnoll barely misses you.
The gnoll closely misses you.
You barely miss the gnoll. You bite the gnoll, but do no damage.
The gnoll is heavily wounded.
You hit the gnoll.
The gnoll hits you from afar with a spear.
* * * LOW HITPOINT WARNING * * *
The gnoll misses you. The gnoll hits you with a whip.
You die...

## #.. ∆ #.#
#.# ##.## #
##...## .#.#
##...).#gb..#
#....@ggr#
#.....g#....#
#.#<..## #.#
.. ##.## .
#.# #.# #.# ∆
!.. ...


You could see 4 gnolls, a bat and a rat.

Vanquished Creatures
  2 bats (D:1)
  A goblin (D:2)
  A hobgoblin (D:1)
  A rat (D:1)
5 creatures vanquished.

Notes
Turn   | Place    | Note
-------+----------+-------------------------------------------
     0 | D:1      | tidbits the Gnoll Skald began the quest for the Orb.
     0 | D:1      | Reached XP level 1. HP: 20/20 MP: 6/6
    63 | D:2      | HP: 2/20 [gnoll/whip (3)]
    65 | D:2      | Slain by a gnoll

Action                   || total
-------------------------++-------
Melee: Hand axe          ||     9
       Bite              ||     2
 Cast: Infusion          ||     2
Armor: Leather armour    ||     2
Dodge: Dodged            ||    10

Table legend:
 A = Turns spent in this place as a percentage of turns spent in the entire game.
 B = Non-inter-level travel turns spent in this place as a percentage of non-inter-level travel turns spent in the entire game.
 C = Inter-level travel turns spent in this place as a percentage of turns spent in this place.
 D = Turns resting spent in this place as a percentage of non-inter-level travel turns spent in this place.
 E = Turns spent auto-exploring this place as a percentage of non-inter-level travel turns spent in this place.
 F = Non-inter-level travel turns spent in this place divided by the number of levels of this place that you've seen.
                   A       B       C       D       E      F
               +-------+-------+-------+-------+-------+----------------------
         Total | 100.0 | 100.0 |   0.0 |   0.0 |   0.0 |  32.5
       Dungeon | 100.0 | 100.0 |   0.0 |   0.0 |   0.0 |  32.5
               +-------+-------+-------+-------+-------+----------------------

Table legend:
 A = Kills in this place as a percentage of kills in entire the game.
 B = Kills by you in this place as a percentage of kills by you in the entire game.
 C = Kills by friends in this place as a percentage of kills by friends in the entire game.
 D = Other kills in this place as a percentage of other kills in the entire game.
 E = Experience gained in this place as a percentage of experience gained in the entire game.
 F = Experience gained in this place divided by the number of levels of this place that you have seen.
                   A       B       C       D       E      F
               +-------+-------+-------+-------+-------+----------------------
         Total | 100.0 | 100.0 |   N/A |   N/A | 100.0 |   4.5
       Dungeon | 100.0 | 100.0 |   N/A |   N/A | 100.0 |   4.5
               +-------+-------+-------+-------+-------+----------------------

Vault maps used:
D:1:      dpeg_arrival_round_a, serial_bayou_pond_a
D:2:      minmay_wonky_spiral
